 Dungeon Crawl Stone Soup version 0.29.1-1-gd02db6906a (webtiles) character file.

Game seed: 12790973054679242856

6029 112233 the Thaumaturge (level 10, -15/94 HPs)
             Began as a Naga Air Elementalist on Oct 11, 2022.
             Was an Initiate of Gozag.
             Shot with an arrow by a centaur warrior (22 damage)
             ... on level 8 of the Dungeon.
             The game lasted 00:10:50 (11601 turns).

112233 the Thaumaturge (Naga Air Elementalist)     Turns: 11601, Time: 00:10:51

Health: -15/94     AC:  5    Str: 10    XL:     10   Next: 86%
Magic:  21/23      EV: 11    Int: 21    God:    Gozag
Gold:   4          SH:  0    Dex: 11    Spells: 17/27 levels left

rFire   + . .      SeeInvis +   w - +3 dagger (vorpal)
rCold   + . .      Faith    .   (no shield)
rNeg    . . .      Spirit   .   a - +0 robe
rPois   +          Reflect  .   l - +0 helmet
rElec   +          Harm     .   (no cloak)
rCorr   +          Rampage  .   (no gloves)
Will    +....                   (no barding)
Stlth   ++........              y - amulet of magic regeneration
HPRegen 0.25/turn               q - ring of wizardry
MPRegen 0.58/turn               (no ring)

@: mighty, swift, resistant, hasted, very quick
A: AC +3, large, see invisible, deformed body, poison resistance, slowness 2,
spit poison 1, naga tail 1
a: Spit Poison, Renounce Religion, Potion Petition, Call Merchant, Bribe Branch


You were on level 8 of the Dungeon.
You worshipped Gozag.
Gozag was noncommittal.
You visited 1 branch of the dungeon, and saw 8 of its levels.

You collected 1303 gold pieces.
You paid 1299 gold pieces to Gozag.

Inventory:

Hand Weapons
 b - a +0 flail
 j - a +0 dagger
 w - a +3 vorpal dagger (weapon)
 B - a +1 vampiric whip
 D - a +1 lajatang of venom
Armour
 a - a +0 robe (worn)
 l - a +0 helmet (worn)
Jewellery
 q - a ring of wizardry (left hand)
 y - an amulet of magic regeneration (around neck)
Wands
 m - a wand of polymorph (4)
 E - a wand of mindburst (26)
Scrolls
 c - a scroll of torment {unknown}
 d - 2 scrolls of poison {unknown}
 e - 13 scrolls of identify {unknown}
 g - 2 scrolls of immolation {unknown}
 o - a scroll of noise {unknown}
 s - 3 scrolls of enchant armour {unknown}
 u - 4 scrolls of teleportation {unknown}
 x - 2 scrolls of blinking {unknown}
 A - 2 scrolls of fog {unknown}
 G - a scroll of silence {unknown}
Potions
 f - 2 potions of cancellation
 h - 4 potions of might {unknown}
 i - 4 potions of curing
 k - a potion of berserk rage {unknown}
 n - 2 potions of mutation {unknown}
 p - 4 potions of heal wounds {unknown}
 t - 2 potions of degeneration {unknown}
 v - 3 potions of haste
 z - 2 potions of lignification {unknown}
 C - 2 potions of invisibility {unknown}
 F - a potion of magic
 H - a potion of brilliance {unknown}


   Skills:
 + Level 7.1 Fighting
 + Level 6.1 Dodging
 - Level 3.0 Stealth
 * Level 9.4 Spellcasting
 - Level 1.0 Conjurations
 + Level 8.0 Air Magic


You had 17 spell levels left.
You knew the following spells:

 Your Spells              Type           Power      Damage    Failure   Level
a - Airstrike             Air            21%        2d(4-20)  1%          4
b - Static Discharge      Conj/Air       29%        3-7/arc   1%          2
c - Swiftness             Air            43%        N/A       1%          3
d - Shock                 Conj/Air       100%       1d9       1%          1

Your spell library contained the following spells:

 Spells                   Type           Power      Damage    Failure   Level
 Summon Small Mammal      Summ           36%        N/A       2%          1
 Ensorcelled Hibernation  Hex/Ice        18%        N/A       4%          2
 Passwall                 Tmut/Erth      7%         N/A       4%          2
 Call Canine Familiar     Summ           9%         N/A       9%          3
 Portal Projectile        Hex/Tloc       18%        N/A       9%          3
 Summon Guardian Golem    Hex/Summ       9%         N/A       9%          3
 Tukima's Dance           Hex            9%         N/A       9%          3
 Olgreb's Toxic Radiance  Pois           9%         N/A       26%         4
 Blade Hands              Tmut           4%         N/A       56%         5
 Haunt                    Necr/Summ      4%         N/A       100%        7
 Ozocubu's Refrigeration  Ice            4%         4d8       100%        7
 Ignition                 Fire           4%         3d4       100%        8
 Infestation              Necr           4%         N/A       100%        8
 Animate Dead             Necr           Unusable   N/A       N/A         4

Dungeon Overview and Level Annotations

Branches:
Dungeon (8/15)             Temple (0/1) D:7
   Lair: D:8-11

Altars:
Ashenzari
Gozag
Hepliaklqana
Kikubaaqudgha
Nemelex Xobeh
Okawaru
Vehumet
Xom

Annotations:
D:2 exclusion: downstairs
D:3 exclusion: downstairs
D:7 exclusion: downstairs


Innate Abilities, Weirdness & Mutations

Your serpentine skin is tough. (AC +3)
You have supernaturally acute eyesight. (SInv)
Armour fits poorly on your strangely shaped body.
Your system is resistant to poisons. (rPois)
You cover ground very slowly.
You can spit poison.
You have a snake-like lower body.


Message History

* * * LOW HITPOINT WARNING * * *
The troll claws you!
* * * LOW HITPOINT WARNING * * *
Unknown command.
Okay, then. [a] - 300 gold - brilliance and magic [b] - 588 gold - heal wounds, berserk rage, curing and magic [c] - 841 gold - resistance, might, haste and heal wounds Purchase which effect?
You no longer have enough gold to petition Gozag for potion effects.
You no longer have enough gold to fund merchants seeking to open stores in the dungeon.
You feel protected.
You feel very mighty all of a sudden.
You feel as though your hastened speed will last longer.
You feel much better. The troll bites you but does no damage.
The troll claws you.
* * * LOW HITPOINT WARNING * * *
The troll claws you but does no damage.
Casting: Static Discharge (safe; 1% risk of failure)
Confirm with . or Enter, or press ? or * to list all spells.
You feel quick. The troll closely misses you. The troll claws you.
* * * LOW HITPOINT WARNING * * *
The troll claws you but does no damage.
Unknown command.
Aiming: Polymorph
Press: ? - help, Shift-Dir - straight line, f - centaur warrior
Aim: a centaur warrior (will become a glowing orange brain, a golden eye, or a slime creature, chance to affect: 31%)
The centaur warrior easily resists.
The centaur warrior wields a +0 longbow.
The centaur warrior shoots an arrow.
The arrow hits you!
* * * LOW HITPOINT WARNING * * *
Okay, then.
You feel better.
You feel better. The troll bites you!
* * * LOW HITPOINT WARNING * * *
The troll barely misses you. The troll closely misses you.
Unknown command.
The centaur warrior shoots an arrow.
The arrow hits you!!
You die...
Your body crumbles into a pile of gold.

#......##...........##..###
##.....#..................#
##...###............#....#
##.....#.............#...##
#####.).##..#...........#....###
...##...##..#..#.......##......#
...#....######################.##
........#.....c..............'.#.
##....#.#..KJFT.@............#.#.
##......#..###############..##.#.
#.......#.............# #...#..#.
........#.J...........###)..#..#(
........#K##########..##...##..#.
........#$. $#..#....#...#.
........#... $#......##...#.
.......##..## ##....###....#.
###...###..# #..####......#.


You could see a slime creature, a centaur warrior, a troll, a kobold brigand and
a bullfrog.

Vanquished Creatures
  2 hornets
  A wyvern (D:8)
  8 yaks (D:8)
  A wraith (D:8)
  A steam dragon (D:7)
  2 acid dragons (D:8)
  4 water moccasins
  2 orc warriors
  2 sky beasts
  A black bear (D:6)
  3 ogres
  4 centaurs (D:8)
  2 phantoms
  A gnoll sergeant (D:8)
  3 kobold brigands
  4 scorpions
  A bullfrog (D:8)
  5 necrophages
  9 wights
  4 hounds
  3 jellies
  4 orc priests
  8 orc wizards
  3 iguanas
  5 gnolls
  11 adders
  2 white imps (D:7)
  3 ufetubi
  A worm (D:4)
  5 dart slugs
  29 orcs
  9 ball pythons
  10 endoplasms
  4 giant cockroaches
  5 goblins
  4 hobgoblins
  2 jackals (D:1)
  14 kobolds
  2 quokkas
  3 bats
  5 frilled lizards
  5 rats
197 creatures vanquished.

Vanquished Creatures (others)
  3 withered plants (D:4)
3 creatures vanquished.

Grand Total: 200 creatures vanquished

Notes
Turn   | Place    | Note
-------+----------+-------------------------------------------
     0 | D:1      | 112233 the Naga Air Elementalist began the quest for the
                  | Orb.
     0 | D:1      | Reached XP level 1. HP: 15/15 MP: 3/3
   145 | D:1      | Reached XP level 2. HP: 22/22 MP: 3/5
   169 | D:1      | Learned a level 2 spell: Static Discharge
   748 | D:1      | Reached XP level 3. HP: 30/30 MP: 4/6
   861 | D:1      | Reached skill level 1 in Fighting
  1463 | D:1      | Found a faded altar of an unknown god.
  1912 | D:2      | Learned a level 3 spell: Swiftness
  2387 | D:2      | Reached XP level 4. HP: 38/38 MP: 0/7
  3656 | D:3      | Reached XP level 5. HP: 24/45 MP: 2/9
  3923 | D:3      | Reached skill level 3 in Spellcasting
  4308 | D:4      | Noticed an ogre
  4489 | D:4      | Noticed a phantom
  4512 | D:4      | Killed a phantom
  4513 | D:4      | Reached XP level 6. HP: 30/52 MP: 0/11
  5135 | D:4      | Learned a level 4 spell: Airstrike
  5143 | D:4      | Reached skill level 4 in Spellcasting
  5735 | D:4      | Reached XP level 7. HP: 58/61 MP: 3/13
  5981 | D:4      | Found an ancient bone altar of Kikubaaqudgha.
  6105 | D:5      | Entered Level 5 of the Dungeon
  6285 | D:5      | Reached skill level 5 in Air Magic
  6650 | D:5      | Reached skill level 5 in Spellcasting
  6817 | D:5      | Reached XP level 8. HP: 70/72 MP: 7/15
  7322 | D:5      | Found a radiant altar of Vehumet.
  7413 | D:5      | Found an opulent altar of Gozag.
  7737 | D:5      | Became a worshipper of Gozag Ym Sagoz the Greedy
  7843 | D:6      | Identified the +4 ring mail of Valour {Rampage rF+ Str-3
                  | Int+4}
  7951 | D:6      | Reached skill level 6 in Spellcasting
  8327 | D:6      | Reached XP level 9. HP: 79/79 MP: 1/18
  8592 | D:6      | Reached skill level 5 in Fighting
  8840 | D:7      | Reached skill level 7 in Spellcasting
  8907 | D:7      | Found a staircase to the Ecumenical Temple.
  9135 | D:7      | Found a hazy altar of Hepliaklqana.
  9192 | D:7      | Found a shimmering altar of Xom.
  9195 | D:7      | Noticed a hornet
  9207 | D:7      | Killed a hornet
  9343 | D:7      | Found an iron altar of Okawaru.
  9452 | D:7      | Found a flagged portal.
  9482 | D:7      | Found a sparkling altar of Nemelex Xobeh.
  9511 | D:7      | Reached skill level 5 in Dodging
  9556 | D:7      | Found a broken altar of Ashenzari.
  9964 | D:8      | Reached skill level 8 in Spellcasting
 10067 | D:8      | Reached XP level 10. HP: 91/91 MP: 11/22
 11027 | D:8      | Reached skill level 9 in Spellcasting
 11586 | D:8      | Noticed a centaur warrior
 11601 | D:8      | Shot with an arrow by a centaur warrior

Illustrated notes

Levels and vault maps discovered:
D:1:      minmay_arrival_up_and_down, layout_basic,
          shapermc_ecumenical_altar_acropolis, lemuel_flame_loot_1
D:2:      layout_basic, serial_bayou_pond_d
D:3:      layout_rooms
D:4:      layout_rooms, kiku_gazebo_garden_becter
D:5:      layout_basic, grunt_gozag_statues, kennysheep_little_box
D:6:      layout_basic, minmay_holes, kennysheep_potato
D:7:      layout_rooms, mainiacjoe_overflow_catwalk, xom_teletrap_fun,
          mainiacjoe_overflow_brackets, okawaru_ov_weapons_minmay,
          nemelex_xobeh_ov_fountains_minmay, minmay_temple_entry_arrows,
          enter_bailey_6
D:8:      minmay_quarter_circles, layout_cave_pools

Skill      XL: |  1  2  3  4  5  6  7  8  9 10 |
---------------+-------------------------------+-----
Fighting       | 1 2 3 4 6 7 |  7.1
Dodging        | 2 3 4 5 6 |  6.1
Air Magic      | 4 5 6 7 8 |  8.0
Spellcasting   | 3 4 5 6 8 9 |  9.4
Stealth        | |  3.0
Conjurations   | |  1.0

Action                   |  1- 3 |  4- 6 |  7- 9 | 10-12 || total
-------------------------+-------+-------+-------+-------++-------
Melee: Dagger            |     5 |    22 |     5 |     4 ||    36
       Unarmed           |     5 |       |       |       ||     5
       Flail             |       |       |     5 |       ||     5
 Cast: Shock             |    86 |   120 |    76 |     3 ||   285
       Static Discharge  |       |    28 |    27 |    13 ||    68
       Swiftness         |       |     1 |     3 |     4 ||     8
       Airstrike         |       |       |    94 |    59 ||   153
Invok: Potion Petition   |       |       |       |     2 ||     2
 Abil: Spit Poison       |     5 |     9 |     3 |     1 ||    18
Evoke: Wand              |       |       |       |     1 ||     1
  Use: Potion            |       |     4 |       |     3 ||     7
       Scroll            |       |       |       |     1 ||     1
 Stab: Distracted        |       |       |       |     1 ||     1
Armor: Robe              |     7 |    25 |    12 |     9 ||    53
Dodge: Dodged            |    16 |    51 |    35 |    33 ||   135
